Map: Cyber Forest LE

Players

Epic - Winner!

  • Race: Terran Terran
  • League: Grandmaster
  • Spawn Location: 5:00

ExpecT

  • Race: Terran Terran
  • Spawn Location: 11:00

Event: 2019 WCS Winter Americas

VOD

Have the link to the VOD?

Description

Time

  • Played on: Feb. 1, 2019, 3:25 p.m.
  • Length: 13:59

All games in this series

Show
View Real Time Build Order
Export as new Build Order

Epic Terran - Winner!

Build Orders:  

Get SALT Encoding   

  12  0:00  SCV  
  13  0:12  SCV  
  14  0:17  Supply Depot  
  14  0:24  SCV  
  15  0:31  Refinery  
  15  0:38  SCV  
  16  0:44  Barracks  
  16  0:50  SCV  
  16  0:55  Refinery  
  17  1:02  SCV  
  18  1:14  SCV  
  19  1:31  Reaper  
  19  1:32  Orbital Command  
  20  1:38  Factory  
  20  1:48  Supply Depot  
  20  1:57  SCV  
  21  2:03  Reaper  
  22  2:10  SCV  
  23  2:21  Hellion  
  23  2:22  SCV  
  26  2:37  SCV  
  26  2:39  Reaper  
  26  2:43  Hellion  
  29  2:44  Starport  
  29  2:54  Command Center  
  29  2:56  SCV  
  30  3:01  Supply Depot  
  30  3:07  Factory Tech Lab  
  30  3:09  SCV  
  30  3:12  Barracks Reactor  
  31  3:23  SCV  
  31  3:27  Siege Tank  
  34  3:35  SCV, Medivac  
  37  3:43  Supply Depot  
  37  3:47  Marine x2  
  39  4:05  SCV, Siege Tank  
  43  4:11  Marine x2  
  43  4:15  Orbital Command  
  45  4:17  SCV  
  45  4:20  Medivac  
  48  4:29  SCV  
  49  4:32  Marine x2  
  51  4:42  Siege Tank  
  51  4:43  SCV x2  
  56  4:47  Supply Depot  
  56  4:50  Marine x2  
  58  4:55  Starport Tech Lab  
  58  4:57  SCV x2  
  58  5:03  Command Center  
  58  5:09  Marine x2  
  58  5:13  SCV  
  58  5:14  SCV  
  57  5:24  Supply Depot  
  57  5:28  Siege Tank  
  62  5:31  SCV x2  
  60  5:36  Marine x2  
  60  5:38  Refinery  
  62  5:43  SCV x2  
  62  5:44  Refinery  
  62  5:46  Raven, Supply Depot  
  66  5:55  SCV x2, Marine  
  66  5:56  Marine  
  70  6:07  Siege Tank  
  70  6:08  SCV x2  
  70  6:10  Supply Depot  
  75  6:16  Orbital Command  
  75  6:17  Barracks  
  75  6:18  Barracks  
  75  6:19  Barracks  
  75  6:21  SCV  
  75  6:22  SCV  
  77  6:26  Barracks Tech Lab  
  77  6:34  SCV x2, Barracks  
  77  6:39  Orbital Command  
  79  6:41  Siege Tank  
  79  6:46  Stimpack, Marine  
  83  6:48  SCV x2  
  82  6:57  Medivac x2  
  82  7:00  SCV x2  
  88  7:10  SCV, Barracks Reactor x2  
  88  7:12  SCV x2  
  88  7:13  Engineering Bay x2  
  88  7:15  Barracks Reactor  
  91  7:21  Siege Tank  
  91  7:22  SCV  
  95  7:23  Barracks Reactor  
  95  7:24  SCV, Marine  
  95  7:25  SCV  
  98  7:30  Refinery, Supply Depot  
  98  7:31  Supply Depot  
  98  7:36  SCV x2  
  98  7:37  SCV  
  101  7:40  Terran Infantry Weapons Level 1, Terran Infantry Armor Level 1  
  101  7:44  Missile Turret  
  101  7:47  Marine x5  
  106  7:53  SCV x3  
  106  7:55  Refinery, Marine x2  
  106  7:56  Siege Tank  
  114  7:59  Supply Depot  
  114  8:01  Supply Depot  
  114  8:05  Marine x5  
  117  8:07  Medivac x2  
  123  8:13  Supply Depot x2  
  123  8:14  Marine x2  
  125  8:21  Marine x2  
  125  8:22  Marine  
  125  8:23  Factory, Marine x3  
  124  8:36  Marine  
  124  8:37  Marine x2  
  124  8:38  Marine  
  120  8:49  Marine x5  
  120  8:50  Medivac x2, Siege Tank  
  120  8:54  Marine x3  
  135  8:56  SCV x3  
  135  9:01  Armory  
  135  9:02  Missile Turret  
  138  9:03  Marine  
  138  9:07  Marine x4  
  138  9:09  Supply Depot, Factory Tech Lab  
  143  9:10  Combat Shield  
  143  9:12  SCV  
  143  9:13  SCV x2  
  146  9:24  Marine x3  
  147  9:28  Missile Turret, Marine  
  147  9:29  Missile Turret  
  147  9:30  Marine  
  150  9:33  Siege Tank x2  
  150  9:38  Marine  
  156  9:45  Marine  
  157  9:47  Marine  
  157  9:49  Marine x2  
  157  9:51  Terran Infantry Weapons Level 2, Terran Infantry Armor Level 2  
  157  10:01  Marine x2  
  157  10:02  Marine  
  157  10:03  Marine  
  157  10:05  Marine  
  157  10:06  Marine x2  
  157  10:20  Supply Depot  
  157  10:21  Supply Depot  
  156  10:31  Orbital Command  
  151  10:54  Marine  
  151  10:57  Marine  
  149  11:00  Siege Tank  
  149  11:01  Marine x2  
  149  11:02  Marine  
  149  11:03  Supply Depot x2, Marine x3  
  149  11:04  Marine  
  149  11:05  Medivac, Supply Depot  
  128  11:12  Marine  
  128  11:17  Refinery x2  
  128  11:18  Marine  
  117  11:19  Marine x2  
  117  11:20  Medivac, Marine x4  
  117  11:22  Marine  
  126  11:30  Marine  
  127  11:35  Medivac  
  127  11:36  Factory, Marine  
  127  11:37  Marine x2  
  127  11:38  Command Center, Marine x4  
  136  11:40  Marine  
  136  11:41  Siege Tank  
  140  11:47  Supply Depot  
  140  11:48  Marine  
  140  11:52  Medivac  
  140  11:53  Marine  
  138  11:55  Marine x2  
  138  12:00  Marine x5  
  138  12:01  Sensor Tower  
  145  12:05  Medivac, Marine  
  148  12:09  Supply Depot  
  148  12:11  Marine  
  148  12:13  Siege Tank  
  151  12:20  Factory Tech Lab  
  151  12:34  Sensor Tower  
  151  12:36  Marine x9  
  160  12:44  Siege Tank  
  160  12:50  Planetary Fortress, Siege Tank  
  166  12:53  Marine  
  166  12:54  Marine x3  
  166  12:55  Marine x5  
  175  13:11  Marine x3  
  175  13:12  Marine  
  178  13:13  Marine x5  
  179  13:20  Siege Tank  
  179  13:22  Siege Tank  
  179  13:24  Medivac x2  
  179  13:29  Marine x3  
  182  13:36  Missile Turret  
  182  13:39  Missile Turret  
  182  13:45  Command Center  
Show
View Real Time Build Order
Export as new Build Order

ExpecT Terran 

Build Orders: Gas First Reaper Expand 

Get SALT Encoding   

  12  0:01  SCV  
  13  0:13  SCV  
  14  0:17  Supply Depot  
  14  0:25  SCV  
  15  0:29  Refinery  
  15  0:38  SCV  
  16  0:45  Barracks  
  16  0:50  SCV  
  17  1:03  SCV  
  18  1:15  SCV  
  19  1:32  Orbital Command  
  19  1:33  Reaper  
  20  1:46  Command Center  
  20  1:56  Factory  
  20  2:00  SCV  
  21  2:07  Barracks Reactor  
  21  2:10  Refinery  
  21  2:16  Supply Depot  
  21  2:19  SCV  
  22  2:31  SCV  
  22  2:43  SCV  
  23  2:44  Starport  
  23  2:50  Hellion x2  
  26  2:56  SCV  
  27  3:01  Orbital Command  
  27  3:14  Hellion x2  
  31  3:23  SCV  
  31  3:26  Starport Tech Lab, Barracks Tech Lab  
  30  3:28  Supply Depot  
  30  3:32  SCV  
  29  3:35  SCV  
  30  3:46  Raven  
  32  3:50  Marine  
  32  3:51  Marine  
  32  3:52  Cyclone  
  37  3:57  SCV x2  
  39  4:09  SCV x2  
  41  4:13  Marine x2  
  43  4:23  SCV x2  
  43  4:24  Siege Tank  
  48  4:25  Supply Depot  
  48  4:32  Marine x2  
  48  4:35  SCV x2  
  52  4:40  Viking  
  54  4:47  SCV  
  54  4:49  Supply Depot  
  54  4:50  SCV  
  56  4:56  Siege Tank  
  56  4:59  SCV  
  60  5:02  SCV  
  61  5:09  Command Center  
  61  5:11  SCV  
  62  5:14  SCV  
  63  5:24  SCV, Starport Reactor  
  63  5:25  Supply Depot  
  63  5:26  SCV  
  65  5:30  Marine  
  59  5:36  SCV  
  59  5:38  SCV, Siege Tank  
  59  5:40  Barracks  
  64  5:48  SCV, Marine  
  64  5:49  Stimpack  
  66  5:51  Barracks  
  66  5:52  SCV  
  66  5:54  Refinery  
  66  5:55  Refinery  
  67  6:00  SCV  
  68  6:08  SCV  
  68  6:10  Engineering Bay x2  
  68  6:11  Starport Reactor, Siege Tank, Marine  
  70  6:12  SCV  
  74  6:23  Orbital Command  
  74  6:29  SCV x2  
  74  6:31  Barracks  
  74  6:32  Barracks  
  76  6:36  Terran Infantry Weapons Level 1, Terran Infantry Armor Level 1, Marine  
  76  6:37  Marine x2  
  79  6:41  SCV  
  79  6:42  SCV  
  81  6:48  Orbital Command  
  81  6:54  SCV, Marine  
  81  6:55  Marine x4  
  81  6:56  Medivac x2  
  89  7:02  Supply Depot  
  89  7:07  Supply Depot x2  
  89  7:08  Siege Tank  
  89  7:13  SCV  
  93  7:22  Barracks Reactor x2  
  93  7:24  SCV x2  
  93  7:26  Marine x3  
  93  7:27  Marine x2  
  93  7:28  SCV  
  101  7:34  Refinery  
  101  7:35  Refinery  
  101  7:36  SCV, Supply Depot  
  101  7:37  Sensor Tower  
  102  7:44  SCV x2, Marine x4  
  104  7:48  SCV, Siege Tank  
  112  7:55  Supply Depot  
  112  7:56  SCV  
  113  7:59  Armory  
  113  8:02  Missile Turret, Marine  
  113  8:03  Combat Shield, Marine  
  113  8:04  Marine x3  
  118  8:07  SCV x2  
  118  8:08  SCV  
  121  8:18  Medivac x2, Supply Depot  
  121  8:19  Marine  
  126  8:20  Marine  
  126  8:24  Marine x2  
  126  8:25  Marine  
  130  8:30  Marine x3  
  133  8:36  Supply Depot, Marine x2  
  133  8:38  Supply Depot  
  133  8:40  Marine  
  128  8:41  Siege Tank  
  128  8:42  Marine x2  
  128  8:43  Marine  
  128  8:48  Medivac x2, Marine x3  
  140  8:50  Supply Depot  
  140  8:52  Terran Infantry Weapons Level 2, Terran Infantry Armor Level 2  
  141  8:58  Marine x3  
  141  9:00  Marine x2  
  141  9:01  Marine  
  141  9:02  Supply Depot  
  147  9:05  Marine  
  147  9:06  Factory, Marine  
  147  9:08  Missile Turret  
  147  9:09  Marine  
  150  9:13  Siege Tank  
  150  9:15  Marine x3  
  156  9:18  Marine x2  
  156  9:19  Marine  
  156  9:20  Medivac x2  
  156  9:23  Marine x2  
  165  9:35  Marine  
  165  9:36  Marine x4  
  165  9:37  Marine x2  
  165  9:41  Marine x2  
  152  9:45  Siege Tank  
  146  9:53  Marine x2  
  146  9:54  Factory Tech Lab, Marine x3  
  146  9:55  Marine x2  
  146  9:59  Marine x2  
  149  10:01  Viking  
  149  10:02  Viking  
  151  10:11  Marine x2  
  151  10:14  Siege Tank, Marine x4  
  154  10:15  Marine  
  154  10:17  Siege Tank, Marine  
  158  10:24  Marine  
  155  10:29  Marine  
  155  10:32  Marine x2  
  154  10:37  Marine x2  
  123  10:47  Marine  
  123  10:48  Marine  
  129  10:50  Siege Tank  
  95  11:02  Marine  
  95  11:03  Marine x2  
  66  11:04  Marine  
  66  11:08  Orbital Command x2  
  51  11:14  Marine  
  49  11:31  Marine  
  50  11:48  Marine x4  
  50  11:54  SCV  
  55  11:55  SCV x2  
  57  12:02  Marine x3  
  57  12:06  Marine  
  61  12:11  SCV x2  
  63  12:20  SCV  
  63  12:22  Marine x2  
  66  12:23  SCV x2  
  66  12:26  Marine x2  
  66  12:27  Marine x2  
  66  12:29  Factory Tech Lab  
  72  12:33  SCV  
  72  12:35  SCV x2  
  75  12:44  Marine  
  75  12:46  Factory Tech Lab  
  75  12:48  Marine x2  
  75  12:49  Siege Tank  
  75  12:50  SCV  
  82  12:53  SCV  
  83  13:02  SCV x2  
  83  13:03  Marine x2  
  88  13:05  SCV  
  88  13:16  SCV x2  
  87  13:23  SCV  
  87  13:25  Siege Tank  
  85  13:29  SCV x2  
  77  13:45  SCV  
Tags
 
Add a new tag
Caveats
  • Supply blocks, unpowered buildings, or Contaminate may cause inaccurate times.
  • Supply counts are checked every 10 seconds.